Map: [ESL] Oceanborn

Players

Coffee - Winner!

  • Race: Terran Terran
  • Spawn Location: 11:00

MeomaikA

  • Race: Zerg Zerg
  • Spawn Location: 5:00

Event: ESL SC2 Masters 2023 Winter (Regional)

VOD

Have the link to the VOD?

Description

Time

  • Played on: Nov. 11, 2023, 7:35 a.m.
  • Length: 9:30

All games in this series

Show
View Real Time Build Order
Export as new Build Order

Coffee Terran - Winner!

Build Orders:  

Get SALT Encoding   

  12  0:00  SCV  
  13  0:12  SCV  
  14  0:17  Supply Depot  
  14  0:24  SCV  
  15  0:39  SCV  
  15  0:40  Barracks  
  16  0:44  Refinery  
  16  0:51  SCV  
  17  0:59  Barracks  
  17  1:03  SCV  
  18  1:15  SCV  
  19  1:27  Orbital Command, Reaper  
  19  1:31  Supply Depot  
  20  1:47  Reaper  
  20  1:53  SCV  
  22  2:03  Reaper  
  22  2:05  SCV  
  24  2:11  Command Center  
  24  2:17  SCV  
  24  2:21  Barracks Reactor  
  25  2:27  Barracks  
  25  2:29  SCV  
  26  2:35  Barracks  
  26  2:36  Barracks Tech Lab  
  26  2:42  SCV  
  27  2:57  Marine  
  27  2:58  Marine x2  
  30  3:05  SCV  
  30  3:09  Stimpack  
  30  3:16  Marine  
  30  3:18  Barracks Tech Lab  
  31  3:22  Marine x2  
  31  3:23  SCV  
  34  3:27  Orbital Command  
  34  3:35  Marine x2, SCV  
  34  3:36  Marine  
  34  3:40  Marine  
  39  3:41  Supply Depot  
  39  3:47  SCV  
  40  3:48  Marine  
  40  3:53  Marine x2  
  40  3:54  Marine  
  44  3:56  Combat Shield  
  44  3:58  Marine  
  44  3:59  SCV  
  46  4:09  Marine  
  47  4:11  Marine x3, SCV x2  
  51  4:18  Marine  
  51  4:19  Supply Depot  
  51  4:23  SCV x2, Refinery  
  54  4:33  Factory  
  54  4:40  Marine x5, Supply Depot  
  54  4:41  SCV x2  
  54  4:44  Supply Depot  
  61  4:52  Refinery  
  61  4:53  SCV  
  61  4:58  Engineering Bay  
  61  4:59  Barracks Reactor  
  62  5:01  SCV  
  62  5:04  Marine x2, Supply Depot  
  62  5:05  Marine x2  
  67  5:11  SCV  
  68  5:15  Supply Depot  
  68  5:19  Starport  
  68  5:22  Marine  
  68  5:24  Factory Reactor  
  63  5:31  Marine x3  
  63  5:35  SCV x2  
  53  5:36  Terran Infantry Weapons Level 1  
  53  5:47  SCV x2  
  53  5:48  Marine x3  
  53  5:49  Marine  
  59  6:05  Medivac x2  
  59  6:06  Command Center, SCV x2  
  59  6:10  Siege Tank  
  68  6:13  Refinery  
  68  6:16  Marine x4  
  73  6:19  Barracks Reactor, Marine  
  73  6:26  SCV x2  
  73  6:27  Supply Depot  
  73  6:31  Barracks  
  75  6:38  Marine x4  
  78  6:42  Siege Tank  
  78  6:43  SCV  
  82  6:49  Supply Depot  
  82  6:50  Supply Depot  
  82  6:51  Marine  
  83  6:55  Medivac x2  
  83  6:58  Marine  
  83  6:59  Marine  
  83  7:00  Marine  
  90  7:03  Marine x2  
  90  7:06  Marine  
  93  7:10  SCV x2  
  93  7:13  Supply Depot  
  93  7:14  Marine  
  95  7:25  Siege Tank, Barracks Reactor  
  95  7:26  Marine x3  
  101  7:30  Marine  
  101  7:31  Marine  
  101  7:34  Marine x2  
  101  7:44  Marine x2  
  101  7:46  SCV x2  
  104  7:57  Orbital Command  
  104  7:58  SCV x2  
  106  8:03  Marine x6  
  112  8:10  SCV x2  
  112  8:12  Siege Tank  
  117  8:19  Factory  
  117  8:22  SCV x2  
  115  8:29  SCV, Engineering Bay  
  115  8:32  Armory  
  116  8:34  SCV x2  
  116  8:38  Supply Depot  
  116  8:39  Supply Depot  
  116  8:40  Supply Depot  
  116  8:41  SCV, Marine x9  
  119  8:46  SCV x2  
  130  8:50  Siege Tank  
  130  8:53  SCV, Refinery  
  134  8:58  SCV, Marine  
  136  9:04  Factory Reactor  
  136  9:06  SCV x2  
  136  9:08  Sensor Tower  
  136  9:09  Command Center  
Show
View Real Time Build Order
Export as new Build Order

MeomaikA Zerg 

Build Orders: Pool First 

Get SALT Encoding   

  12  0:00  Drone  
  13  0:12  Overlord  
  13  0:16  Drone  
  14  0:31  Drone x2  
  14  0:34  Drone  
  17  0:44  Spawning Pool  
  17  0:47  Drone  
  17  1:08  Hatchery  
  17  1:10  Drone  
  17  1:12  Extractor  
  17  1:15  Drone  
  17  1:18  Drone  
  18  1:29  Drone  
  18  1:31  Queen  
  21  1:38  Overlord  
  21  1:50  Drone  
  22  2:07  Queen  
  24  2:10  Zergling x2  
  24  2:12  Metabolic Boost  
  24  2:14  Drone  
  26  2:19  Queen  
  26  2:20  Zergling x2  
  26  2:21  Drone  
  30  2:32  Drone x2  
  32  2:41  Drone  
  32  2:42  Queen  
  35  2:50  Drone  
  35  2:56  Drone  
  35  3:02  Overlord  
  35  3:18  Overlord  
  35  3:22  Drone x3  
  35  3:25  Drone  
  38  3:27  Drone  
  39  3:38  Drone x2  
  39  3:41  Drone x2, Hatchery  
  43  3:43  Drone  
  43  4:00  Zergling x10  
  43  4:01  Zergling x2  
  48  4:08  Zergling x2  
  48  4:09  Zergling x2  
  50  4:10  Zergling x2  
  50  4:11  Zergling x4  
  52  4:17  Baneling Nest  
  52  4:20  Overlord  
  52  4:21  Overlord  
  51  4:27  Lair  
  50  4:36  Overlord  
  50  4:38  Overlord x2  
  50  4:39  Zergling x2  
  50  4:40  Zergling x2  
  52  4:47  Zergling x8  
  52  4:49  Zergling x2  
  52  4:51  Zergling x2  
  58  4:53  Zergling x2  
  58  4:56  Zergling x2  
  58  4:58  Zergling x2  
  61  5:07  Zergling x2  
  61  5:08  Zergling x6  
  61  5:12  Zergling x2  
  66  5:14  Zergling x4  
  68  5:25  Zergling x2  
  68  5:26  Zergling x2, Drone x2  
  68  5:27  Drone x2  
  68  5:28  Drone  
  58  5:32  Drone x2  
  54  5:36  Drone x2  
  54  5:37  Drone x2  
  54  5:38  Centrifugal Hooks  
  58  5:46  Drone  
  58  5:47  Drone x2, Evolution Chamber  
  60  5:52  Drone x3  
  60  5:55  Zergling x2  
  64  6:03  Drone x2  
  66  6:04  Zergling x2  
  66  6:05  Zergling x4  
  66  6:06  Zergling x2  
  66  6:09  Overlord  
  66  6:10  Zergling x8  
  74  6:14  Zerg Ground Armor Level 1  
  74  6:17  Baneling x5  
  74  6:20  Zergling x4  
  76  6:31  Zergling x4  
  78  6:34  Zergling x8  
  78  6:37  Zergling x2  
  78  6:38  Zergling x4  
  78  6:39  Zergling x2  
  84  6:40  Zergling x2, Hatchery  
  84  6:42  Zergling x2  
  84  6:44  Baneling  
  84  6:45  Baneling x5  
  84  6:46  Zergling x2  
  86  6:47  Zergling x2  
  86  6:49  Zergling x4  
  86  6:50  Zergling x2  
  86  6:52  Zergling x2  
  86  6:53  Zergling x2  
  92  6:56  Zergling x2  
  92  6:57  Zergling x2  
  92  7:00  Zergling x2  
  92  7:01  Zergling x6  
  96  7:07  Zergling x4  
  98  7:17  Overlord  
  98  7:20  Zergling x2  
  98  7:22  Zergling x6  
  95  7:23  Zergling x6  
  95  7:24  Overlord  
  96  7:31  Zergling x2  
  96  7:32  Zergling x2  
  96  7:34  Zergling x4  
  96  7:36  Zergling x8  
  96  7:37  Zergling x4  
  97  7:41  Queen  
  97  7:42  Zergling x2  
  98  7:47  Zergling x4  
  98  7:48  Zergling x4  
  102  7:53  Zergling x4  
  102  7:54  Baneling x9  
  102  7:55  Baneling  
  105  7:58  Zergling x4  
  105  7:59  Zergling x2  
  105  8:00  Zergling x2  
  105  8:01  Zergling x2  
  105  8:03  Zergling x2  
  105  8:04  Zergling x2  
  111  8:05  Zergling x2  
  111  8:07  Zergling x2  
  111  8:09  Zergling x4  
  111  8:10  Zergling x2  
  116  8:13  Zergling x2  
  116  8:14  Hatchery  
  116  8:15  Zergling x4  
  116  8:18  Drone x2  
  119  8:22  Zergling x2  
  119  8:23  Zergling x2  
  119  8:25  Zergling x2  
  119  8:26  Zergling x4  
  118  8:27  Overlord  
  118  8:33  Zergling x4  
  120  8:47  Zergling x4  
  120  8:48  Zergling x2  
  121  8:49  Zergling x10  
  121  8:54  Zergling x2  
  121  8:55  Zergling x4, Extractor  
  127  8:57  Overlord  
  128  9:04  Overlord  
  128  9:12  Overlord  
Tags
 
Add a new tag
Caveats
  • Supply blocks, unpowered buildings, or Contaminate may cause inaccurate times.
  • Supply counts are checked every 10 seconds.